 Dungeon Crawl Stone Soup version 0.25-a0-290-g4a1327ee3a (webtiles) character file.

Game seed: 799762833822387605, levelgen mode: deterministic

33202 Lanoc the Earth Mage (level 13, 0/63 HPs)
             Began as a Deep Elf Earth Elementalist on Dec 14, 2019.
             Was an Initiate of Gozag.
             Shot with an arrow by a centaur warrior (18 damage)
             ... on level 15 of the Dungeon.
             The game lasted 00:35:45 (11938 turns).

Lanoc the Earth Mage (Deep Elf Earth Elementalist) Turns: 11938, Time: 00:35:46

Health: 0/63       AC:  5    Str:  5    XL:     13   Next: 35%
Magic:  23/33      EV: 21    Int: 28    God:    Gozag
Gold:   3441       SH:  0    Dex: 15    Spells: 22/40 levels left

rFire    . . .     SeeInvis .   H - staff of earth
rCold    . . .     Gourm    .   (no shield)
rNeg     . . .     Faith    .   o - +2 robe {Archmagi}
rPois    .         Spirit   .   (no helmet)
rElec    .         Reflect  .   v - +0 cloak
rCorr    .         Harm     .   (no gloves)
MR       +....                  (no boots)
Stlth    +++.......             E - amulet of magic regeneration
HPRegen  0.20/turn              j - +2 ring of intelligence
MPRegen  0.48/turn              r - ring of stealth

@: gold aura
A: no striking features
a: Potion Petition, Call Merchant, Bribe Branch, Renounce Religion


You were on level 15 of the Dungeon.
You worshipped Gozag.
Gozag was most pleased with you.
You were not hungry.

You visited 2 branches of the dungeon, and saw 16 of its levels.

You collected 3492 gold pieces.
You paid 51 gold pieces to Gozag.

Inventory:

Hand Weapons
 m - a +4 scimitar of flaming
Missiles
 b - 29 stones (quivered)
 e - 330 arrows
Armour
 o - a +2 robe of the Archmagi (worn)
 q - a +0 buckler
 v - a +0 cloak (worn)
Magical Staves
 G - an uncursed staff of wizardry
 H - an uncursed staff of earth (weapon)
Jewellery
 j - a +2 ring of intelligence (left hand)
 r - a ring of stealth (right hand)
 E - an amulet of magic regeneration (around neck)
Wands
 u - a wand of random effects (23)
 y - a wand of paralysis (3)
 B - a wand of polymorph (28)
 D - a wand of acid (17)
Scrolls
 c - a scroll of vulnerability {unknown}
 f - a scroll of random uselessness {unknown}
 g - a scroll of magic mapping
 h - 8 scrolls of remove curse
 i - 8 scrolls of teleportation
 n - a scroll of amnesia
 z - a scroll of torment {unknown}
 A - 2 scrolls of fear {unknown}
 C - a scroll of identify
 F - a scroll of noise {unknown}
 I - a scroll of blinking {unknown}
 J - 2 scrolls of brand weapon {unknown}
 L - a scroll of enchant armour
Potions
 a - 2 potions of curing
 k - a potion of ambrosia
 l - a potion of agility {unknown}
 p - 5 potions of mutation
 s - 3 potions of flight
 t - 2 potions of haste
 w - 3 potions of resistance
 x - 2 potions of might
 K - 3 potions of lignification
Comestibles
 d - 25 rations


   Skills:
 + Level 4.2 Staves
 + Level 12.9 Dodging
 - Level 2.4 Stealth
 + Level 14.0 Spellcasting
 - Level 1.1 Transmutations
 * Level 16.1 Earth Magic
 + Level 7.0 Evocations


You had 22 spell levels left.
You knew the following spells:

 Your Spells              Type           Power        Failure   Level  Hunger
a - Sandblast             Erth           ######       0%          1    None
b - Passwall              Tmut/Erth      ########     1%          2    None
c - Stone Arrow           Conj/Erth      ######       1%          3    None
d - Lee's Rapid Deconstr  Erth           ########..   1%          5    #......
e - Petrify               Tmut/Erth      ########     1%          4    None
f - Regeneration          Chrm/Necr      ####......   8%          3    None

Your spell library contained the following spells:

 Spells                   Type           Power        Failure   Level  Hunger
 Infusion                 Chrm           ####         2%          1    None
 Sting                    Tmut/Pois      ####         2%          1    None
 Summon Small Mammal      Summ           ####         2%          1    None
 Call Imp                 Summ           ####....     4%          2    None
 Shroud of Golubria       Chrm/Tloc      ####..       4%          2    None
 Song of Slaying          Chrm           ####....     4%          2    None
 Call Canine Familiar     Summ           ####....     8%          3    None
 Spectral Weapon          Hex/Chrm       ####....     8%          3    None
 Summon Guardian Golem    Hex/Summ       ####....     8%          3    None
 Summon Ice Beast         Ice/Summ       ####....     26%         4    None
 Summon Lightning Spire   Summ/Air       ####....     26%         4    None


Dungeon Overview and Level Annotations

Branches:
Dungeon (15/15) Temple (1/1) D:4 Lair (0/6) D:10 Orc (0/2) D:12 Vaults (0/5) D:13 D:14 Depths: D:15

Altars:
Ashenzari
Cheibriados
Dithmenos
Elyvilon
Fedhas
Gozag
Hepliaklqana
Kikubaaqudgha
Makhleb
Nemelex Xobeh
Okawaru
Qazlal
Ru
Sif Muna
Trog
Uskayaw
Vehumet
Wu Jian
Xom
Yredelemnul
Zin
The Shining One

Shops:
D:10 =   D:11 (   D:12 (

Annotations:
D:12 1 runed translucent door, exclusion: orange crystal statue


Message History

The yaktaur captain wields a +0 arbalest.
The yaktaur captain shoots a bolt.
The bolt hits you!!
Ouch! That really hurt!
Casting: Lee's Rapid Deconstruction (safe; 1% risk of failure)
Confirm with . or Enter, or press ? or * to list all spells.
Aiming: Lee's Rapid Deconstruction (safe; 1% risk of failure)
Press: ? - help, Dir - move target cursor A stone wall.
You feel a strong surge of power!
The wall shatters!
The blast of rock fragments hits the yaktaur captain!!!
You kill the yaktaur captain!
Your Spellcasting skill increases to level 14!
The centaur warrior unwields a +0 flail.
The centaur warrior wields a +0 shortbow.
The centaur warrior shoots an arrow.
The arrow misses you.
The centaur warrior shoots an arrow.
The arrow hits you!
* * * LOW HITPOINT WARNING * * *
The centaur warrior shoots an arrow.
The arrow hits you!!
You die...
Your body crumbles into a pile of gold.

#### $)# # #.# #.
#@# #.##+##(#
#.≈...≈.#
#.≈...≈.# #+##
#.≈.≈.≈.# ...##
#.#c#.#(# ....##
#≈..#..≈# .....##
#≈≈...≈≈#
......#######'####


You could see a centaur warrior.

Vanquished Creatures
  Rupert (D:13)
  A hydra (D:13)
  A yaktaur captain (D:15)
  2 centaur warriors
  Erica (D:8)
  A tengu warrior (D:13)
  8 two-headed ogres
  A deep elf knight (D:14)
  Pikel (D:8)
  An orc knight (D:14)
  2 deep elf magi
  3 manticores
  4 ugly things
  Joseph (D:8)
  A centaur skeleton (D:13)
  An efreet (D:14)
  A yaktaur (D:15)
  4 trolls
  A tengu conjurer (D:13)
  Grinder (D:3)
  6 hippogriffs
  13 yaks
  A wyvern (D:10)
  A hog (shapeshifter) (D:12)
  3 hogs (D:7)
  17 humans
  Edmund (D:4)
  2 wargs (D:12)
  Menkaure (D:4)
  5 porcupines (D:10)
  7 orc warriors
  4 sky beasts
  2 black bears
  2 ice beasts
  6 phantoms
  A slave (D:8)
  6 ogres
  2 necrophages
  8 centaurs
  2 crocodiles
  3 big kobolds
  16 bullfrogs
  2 gnoll sergeants
  A water moccasin zombie (D:7)
  A wyvern skeleton (D:14)
  3 scorpions
  9 killer bees
  4 wights
  10 howler monkeys
  A centaur zombie (D:8)
  7 crimson imps
  2 quasits (D:10)
  5 bullfrog zombies
  3 jellies
  5 orc priests
  A bullfrog skeleton (D:7)
  9 hounds
  3 iguanas
  19 orc wizards
  15 worker ants
  A killer bee zombie (D:9)
  A hound skeleton (D:10)
  11 gnolls
  10 adders
  2 shadow imps
  An ooze (D:2)
  2 adder zombies
  5 worms
  4 leopard geckos
  52 orcs
  6 ball pythons
  9 bats
  4 giant cockroaches
  9 goblins
  7 hobgoblins
  5 quokkas
  4 frilled lizards
  28 kobolds
  3 leopard gecko skeletons
  2 quokka skeletons (D:6)
  A quokka zombie (D:5)
  5 rats
  A fungus (D:10)
  A plant (D:10)
420 creatures vanquished.

Vanquished Creatures (others)
  2 slaves (D:8)
  A sky beast (D:8)
  4 fungi (D:10)
7 creatures vanquished.

Grand Total: 427 creatures vanquished

Notes
Turn   | Place    | Note
-------+----------+-------------------------------------------
     0 | D:1      | Lanoc the Deep Elf Earth Elementalist began the quest for
                  | the Orb.
     0 | D:1      | Reached XP level 1. HP: 10/10 MP: 6/6
    69 | D:1      | Reached XP level 2. HP: 15/15 MP: 0/8
   402 | D:1      | Learned a level 2 spell: Passwall
   434 | D:1      | Reached skill level 4 in Earth Magic
   763 | D:2      | Reached XP level 3. HP: 19/19 MP: 7/10
   771 | D:2      | Learned a level 3 spell: Stone Arrow
  1232 | D:2      | Reached XP level 4. HP: 15/24 MP: 7/11
  1772 | D:3      | Reached skill level 5 in Earth Magic
  1847 | D:3      | Reached XP level 5. HP: 28/28 MP: 11/13
  2035 | D:3      | Noticed Grinder
  2039 | D:3      | Killed Grinder
  2039 | D:3      | Reached skill level 5 in Spellcasting
  2039 | D:3      | Reached skill level 6 in Earth Magic
  2039 | D:3      | Reached XP level 6. HP: 32/32 MP: 5/15
  2214 | D:4      | Found a glowing silver altar of Zin.
  2295 | D:4      | Found a staircase to the Ecumenical Temple.
  2317 | Temple   | Entered the Ecumenical Temple
  2375 | Temple   | Became a worshipper of Gozag Ym Sagoz the Greedy
  2414 | D:4      | Noticed Edmund
  2425 | D:4      | Killed Edmund
  2425 | D:4      | Reached skill level 5 in Dodging
  2448 | D:4      | Reached XP level 7. HP: 30/36 MP: 12/17
  2567 | D:4      | Found a basalt altar of Yredelemnul.
  2570 | D:4      | Found an ornate altar of the Wu Jian Council.
  2616 | D:4      | Found an iron altar of Okawaru.
  2620 | D:4      | Reached skill level 7 in Earth Magic
  2823 | D:4      | Noticed Menkaure
  2830 | D:4      | Killed Menkaure
  2950 | D:5      | Entered Level 5 of the Dungeon
  3371 | D:6      | Reached XP level 8. HP: 41/41 MP: 17/20
  3435 | D:6      | Learned a level 5 spell: Lee's Rapid Deconstruction
  3440 | D:6      | Learned a level 4 spell: Petrify
  3475 | D:6      | Reached skill level 8 in Earth Magic
  3684 | D:6      | Found a radiant altar of Vehumet.
  3684 | D:6      | Found an ancient bone altar of Kikubaaqudgha.
  3688 | D:6      | Found a basalt altar of Yredelemnul.
  3688 | D:6      | Found a shimmering blue altar of Sif Muna.
  3694 | D:6      | Identified Sif Muna's Almanac of Transmutation
  3835 | D:6      | Found a white marble altar of Elyvilon.
  3840 | D:6      | Found a snail-covered altar of Cheibriados.
  3840 | D:6      | Found a hide-covered altar of Uskayaw.
  3956 | D:6      | Reached skill level 9 in Earth Magic
  4402 | D:7      | Noticed a hippogriff
  4409 | D:7      | Killed a hippogriff
  4466 | D:7      | Reached XP level 9. HP: 35/45 MP: 17/23
  4519 | D:7      | Reached skill level 10 in Earth Magic
  4962 | D:7      | Reached skill level 11 in Earth Magic
  5083 | D:8      | Reached XP level 10. HP: 50/50 MP: 18/25
  5089 | D:8      | Noticed Erica
  5090 | D:8      | Noticed Pikel
  5093 | D:8      | Killed Pikel
  5093 | D:8      | Reached skill level 10 in Spellcasting
  5093 | D:8      | Killed Erica
  5093 | D:8      | Reached skill level 12 in Earth Magic
  5366 | D:8      | Found a burning altar of Makhleb.
  5388 | D:8      | Noticed Joseph
  5393 | D:8      | Killed Joseph
  5984 | D:9      | Noticed a two-headed ogre
  5995 | D:9      | Killed a two-headed ogre
  5995 | D:9      | Reached skill level 10 in Dodging
  6117 | D:9      | Found a sacrificial altar of Ru.
  6134 | D:9      | Found a sacrificial altar of Ru.
  6286 | D:9      | Reached skill level 13 in Earth Magic
  6320 | D:9      | Learned a level 3 spell: Regeneration
  6323 | D:9      | Found an iron altar of Okawaru.
  6545 | D:9      | Reached XP level 11. HP: 54/54 MP: 17/28
  6916 | D:10     | Entered Level 10 of the Dungeon
  7003 | D:10     | Found a staircase to the Lair.
  7103 | D:10     | Found Ceoget's Jewellery Shoppe.
  7370 | D:10     | Found a sparkling altar of Nemelex Xobeh.
  7374 | D:10     | Reached skill level 1 in Evocations
  7744 | D:11     | Noticed a green ugly thing
  7756 | D:11     | Killed a green ugly thing
  8169 | D:11     | Reached skill level 14 in Earth Magic
  8173 | D:11     | Noticed a two-headed ogre
  8182 | D:11     | Killed a two-headed ogre
  8221 | D:11     | Noticed a two-headed ogre
  8226 | D:11     | Killed a two-headed ogre
  8345 | D:11     | Noticed a two-headed ogre
  8347 | D:11     | Killed a two-headed ogre
  8394 | D:11     | Found Ongad's Antique Weapon Boutique.
  8650 | D:11     | Noticed a purple ugly thing
  8654 | D:11     | Killed a purple ugly thing
  8740 | D:11     | Noticed a red ugly thing
  8745 | D:11     | Killed a red ugly thing
  8999 | D:12     | Noticed a two-headed ogre
  8999 | D:12     | Noticed a two-headed ogre
  9005 | D:12     | Killed a two-headed ogre
  9005 | D:12     | Reached XP level 12. HP: 59/59 MP: 21/30
  9006 | D:12     | Killed a two-headed ogre
  9082 | D:12     | Found a runed translucent door.
  9093 | D:12     | Noticed a crystal guardian
  9094 | D:12     | Found the brooch of Shielding {Reflect SH+8}
  9244 | D:12     | Reached skill level 5 in Evocations
  9246 | D:12     | Reached skill level 15 in Earth Magic
  9316 | D:12     | Noticed a two-headed ogre
  9319 | D:12     | Found a staircase to the Orcish Mines.
  9331 | D:12     | Killed a two-headed ogre
  9355 | D:12     | Reached skill level 1 in Staves
  9614 | D:12     | Noticed a two-headed ogre
  9626 | D:12     | Killed a two-headed ogre
  9757 | D:12     | Found Tiys's Weapon Shoppe.
  9917 | D:12     | Noticed a crystal guardian
 10126 | D:13     | Noticed a tengu warrior
 10128 | D:13     | Killed a tengu warrior
 10218 | D:13     | Noticed a six-headed hydra
 10225 | D:13     | Killed a six-headed hydra
 11167 | D:14     | Found a gate to the Vaults.
 11167 | D:14     | Noticed a centaur warrior
 11167 | D:14     | Noticed Rupert
 11172 | D:14     | Killed a centaur warrior
 11175 | D:14     | Reached XP level 13. HP: 51/63 MP: 3/32
 11430 | D:13     | Killed Rupert
 11495 | D:14     | Reached skill level 16 in Earth Magic
 11858 | D:15     | Entered Level 15 of the Dungeon
 11938 | D:15     | Shot with an arrow by a centaur warrior

Levels and vault maps discovered:
D:1:      mrwooster_arrival_statue_2, layout_rooms
D:2:      layout_basic, first_ration
D:3:      layout_rooms, kennysheep_generic_room_4, uniq_grinder
D:4:      layout_loops_cross, zin_statuary, lemuel_crystal_altar,
          marbit_many_paths, lemuel_crystal_altar, minmay_temple_entry_waves,
          uniq_edmund, uniq_menkaure
D:5:      layout_rooms
D:6:      layout_basic, grunt_temple_overflow_magic_moments,
          grunt_temple_overflow_open, serial_co_window_serial,
          co_window_paths_a, co_window_paths_b, co_window_paths_b,
          co_window_paths_a, co_window_corner_a, co_window_paths_b,
          co_window_paths_a, co_window_corner_b, co_window_2corner,
          co_window_broadway_c, co_window_paths_e, glass_columns_a,
          glass_columns_a, glass_columns_c, glass_columns_c,
          yredelemnul_altar_generic
D:7:      layout_loops_ring, grunt_ministairs_1, grunt_livestock
D:8:      layout_loops_ring, kennysheep_mini, lightli_corner_chamber,
          uniq_pikel, uniq_erica, uniq_joseph
D:9:      layout_cave_pods, nicolae_ru_the_path_less_chosen, serial_undead,
          serial_undead_a, serial_undead_c, serial_undead_e, serial_undead_e,
          serial_undead_f, basic_altar, okawaru_gym_becter
D:10:     layout_long_grid, due_lair_maze_entry_diamond, basic_altar,
          serial_shops, kennysheep_little_box
D:11:     layout_long_grid, serial_shops, nicolae_shop_trees
D:12:     layout_loops_cross, erik_orc_4, serial_shops, nicolae_shop_waterfront,
          minmay_crystal_box
D:13:     layout_roguey
D:14:     layout_long_grid, david_vaults_3, nrook_campfire
D:15:     grunt_enter_depths_snipers, layout_loops_corners, basic_altar,
          fake_guardian_serpent_vault
Temple:   eino_wide_crystal_templ

Skill      XL: |  1  2  3  4  5  6  7  8  9 10 11 12 13 |
---------------+----------------------------------------+-----
Earth Magic    | 4 5 6 7 9 11 13 14 15 16 | 16.1
Dodging        | 3 4 5 6 7 9 10 11 12 | 12.9
Spellcasting   | 4 5 6 8 9 11 12 13 14 | 14.0
Evocations     | 4 6 7 |  7.0
Staves         | 3 4 |  4.2
Stealth        | |  2.4
Transmutations | |  1.1

Action                   |  1- 3 |  4- 6 |  7- 9 | 10-12 | 13-15 || total
-------------------------+-------+-------+-------+-------+-------++-------
Melee: Unarmed           |    11 |       |       |       |       ||    11
       Hand axe          |       |     2 |     5 |       |       ||     7
       Dagger            |       |       |     9 |    17 |       ||    26
       Staff             |       |       |       |    10 |    14 ||    24
 Cast: Sandblast         |    52 |    49 |    88 |   252 |     3 ||   444
       Stone Arrow       |     3 |     3 |       |     4 |       ||    10
       Lee's Rapid Decon |       |       |    16 |    98 |    20 ||   134
       Passwall          |       |       |       |     1 |       ||     1
  Use: Scroll            |       |       |    10 |    10 |     1 ||    21
       Potion            |       |       |       |     2 |     1 ||     3
 Stab: Sleeping          |       |       |     3 |     1 |     1 ||     5
       Distracted        |       |       |       |     1 |       ||     1
  Eat: Chunk             |       |     4 |       |       |       ||     4
       Ration            |       |       |     4 |     7 |     1 ||    12
Armor: Robe              |    17 |     1 |     7 |    12 |     1 ||    38
Dodge: Dodged            |    59 |     8 |    29 |   119 |    18 ||   233

Table legend:
 A = Non-vault XP
 B = Vault XP
 C = Vault XP percentage of total XP
 D = Non-vault monster count
 E = Vault monster count
 F = Vault count percentage of total count
                 A         B        C        D         E       F
            +---------+---------+-------+---------+---------+-------
      Total |   31811 |   15621 |  32.9 |     351 |      66 |  15.8
            +---------+---------+-------+---------+---------+-------
        D:1 |      39 |       0 |   0.0 |      25 |       0 |   0.0
        D:2 |      99 |       0 |   0.0 |      21 |       0 |   0.0
        D:3 |     107 |     281 |  72.4 |      24 |       1 |   4.0
        D:4 |     242 |     374 |  60.7 |      11 |       3 |  21.4
        D:5 |     219 |       0 |   0.0 |       5 |       0 |   0.0
        D:6 |     903 |       0 |   0.0 |      26 |       0 |   0.0
        D:7 |    1893 |    1342 |  41.5 |      25 |       7 |  21.9
        D:8 |    1067 |    2006 |  65.3 |      31 |       3 |   8.8
        D:9 |    2820 |     250 |   8.1 |      41 |       4 |   8.9
       D:10 |    1801 |    1252 |  41.0 |      32 |      10 |  23.8
       D:11 |    6984 |       0 |   0.0 |      40 |       0 |   0.0
       D:12 |    7952 |     581 |   6.8 |      36 |      16 |  30.8
       D:13 |    4473 |    2921 |  39.5 |      20 |       2 |   9.1
       D:14 |    2216 |    5282 |  70.4 |      12 |      18 |  60.0
       D:15 |     996 |    1332 |  57.2 |       2 |       2 |  50.0
            +---------+---------+-------+---------+---------+-------
